 Dungeon Crawl Stone Soup version 0.17-a0-1528-gfee3901 (webtiles) character file.

155466 Chiseanne the Devastator (level 16, -1/102 HPs)
             Began as a Demonspawn Wanderer on July 14, 2015.
             Was the Champion of Vehumet.
             Killed from afar by an electric eel (2 damage)
             ... with a bolt of electricity
             ... on level 2 of the Spider Nest on July 15, 2015.
             The game lasted 04:31:37 (56077 turns).

Chiseanne the Devastator (Demonspawn Wanderer)     Turns: 56077, Time: 04:31:38

Health: -1/102     AC: 22    Str: 12    XL:     16   Next: 80%
Magic:  7/34       EV: 13    Int: 25    God:    Vehumet [******]
Gold:   712        SH:  5    Dex: 15    Spells: 9 memorised, 1 level left

rFire  . . .     SeeInvis +     a - +7 flail (protect)
rCold  + . .     Clarity  .     q - +1 ring mail of Fethru {rPois rC- rCorr SInv}
rNeg   . . .     SustAt   .     u - +0 buckler
rPois  +         Gourm    .     (helmet unavailable)
rElec  +         Spirit   .     t - +2 cloak {MR+}
rCorr  +         Warding  .     z - +2 pair of gloves {Dex+3}
rMut   .         Stasis   .     g - +1 pair of boots
MR     ++...                    (no amulet)
Stlth  ++........               N - ring of the King {rElec Int+3 SInv Stlth+}
                                J - ring of protection from cold

@: repel missiles, very resistant to hostile enchantments, unstealthy
A: hooves 1, horns 3, repulsion field 3, cold resistance 1, demonic guardian 1
a: Renounce Religion
}: 1/15 runes: decaying


You were on level 2 of the Spider Nest.
You worshipped Vehumet.
Vehumet was exalted by your worship.
You were not hungry.

You visited 6 branches of the dungeon, and saw 35 of its levels.
You also visited: Ice Cave.

You collected 3459 gold pieces.
You spent 2747 gold pieces at shops.

Inventory:

Hand weapons
 a - a +7 flail of protection (weapon)
 w - a +0 blowgun
Missiles
 l - 104 poisoned needles
Armour
 g - a +1 pair of boots (worn)
 q - the +1 ring mail of Fethru (worn) {rPois rC- rCorr SInv}
   (You found it on level 1 of the Depths)

   It makes you vulnerable to cold.
   It protects you from poison.
   It lets you see invisible.
   It protects you from acid and corrosion.
 t - a +2 cloak of magic resistance (worn)
 u - a +0 buckler (worn)
 z - a +2 pair of gloves of dexterity (worn)
 L - a swamp dragon hide
Jewellery
 r - an uncursed amulet of stasis
 G - the ring of Mootsebi {Ice SInv}
   (You found it in an ice cave)

   [ring of ice]

   It enhances your ice magic, and weakens your fire magic.
   It makes you vulnerable to fire.
   It protects you from cold.
   It lets you see invisible.
 H - an uncursed ring of positive energy
 J - a ring of protection from cold (left hand)
 M - the ring "Buthroc" {+/*Tele +Inv +Fly Str-4 Dex+4}
   (You found it on level 4 of the Swamp)

   [ring of teleportation]

   It may teleport you to nearby monsters, and can be evoked to randomly
   teleport.
   It affects your strength (-4).
   It affects your dexterity (+4).
   It lets you turn invisible.
   It lets you fly.
 N - the ring of the King (right hand) {rElec Int+3 SInv Stlth+}
   (You found it on level 8 of the Dungeon)

   [ring of see invisible]

   It affects your intelligence (+3).
   It insulates you from electricity.
   It lets you see invisible.
   It makes you more stealthy.
Magical devices
 e - a wand of draining (4)
 m - a wand of cold (8)
 p - a wand of hasting (4)
 v - a wand of paralysis (7)
 y - a wand of digging (10)
 Q - a wand of lightning (2)
 R - a wand of disintegration (15)
Scrolls
 h - 7 scrolls of teleportation
 i - 2 scrolls of fear
 C - 7 scrolls of remove curse
 F - 8 scrolls of identify
 I - 2 scrolls of fog
 K - 2 scrolls of immolation
 S - 5 scrolls of recharging
Potions
 b - 19 potions of curing
 d - 2 potions of agility
 k - 3 potions of haste
 n - 3 potions of ambrosia
 s - a potion of brilliance
 A - a potion of berserk rage
 B - 2 potions of might
 D - 8 potions of flight
 O - 3 potions of cancellation
 V - 3 potions of resistance
Books
 j - Bujoserch's Papyrus of Freezing Boosts
   (You found it on level 1 of the Depths)

   Spells                             Type                      Level
   a - Song of Slaying                Charms                       2
   b - Shroud of Golubria             Charms/Translocation         2
   c - Ensorcelled Hibernation        Hexes/Ice                    2
   d - Ozocubu's Armour               Charms/Ice                   3
   e - Iskenderun's Battlesphere      Conjuration/Charms           5
 x - a book of Debilitation

   Spells                             Type                      Level
   a - Corona                         Hexes                        1
   b - Slow                           Hexes                        2
   c - Gell's Gravitas                Hexes/Translocation          3
   d - Inner Flame                    Hexes/Fire                   3
   e - Cause Fear                     Hexes                        4
   f - Leda's Liquefaction            Hexes/Earth                  4
 E - a book of Ice

   Spells                             Type                      Level
   a - Ice Form                       Ice/Transmutation            4
   b - Metabolic Englaciation         Hexes/Ice                    5
   c - Ozocubu's Refrigeration        Ice                          6
   d - Bolt of Cold                   Conjuration/Ice              6
   e - Freezing Cloud                 Conjuration/Ice/Air          6
   f - Simulacrum                     Ice/Necromancy               6
Miscellaneous
 W - a phial of floods
Comestibles
 c - 3 chunks of flesh
 f - 3 bread rations
 o - 17 meat rations


   Skills:
 - Level 2.5 Fighting
   Level 1.0 Axes
 - Level 10.0 Armour
 - Level 6.1 Dodging
 - Level 1.0 Stealth
 - Level 5.3 Shields
 * Level 14.9 Spellcasting
 + Level 15.4 Conjurations
 - Level 1.0 Charms
 - Level 12.9 Summonings
 - Level 5.1 Necromancy
 - Level 6.6 Translocations


You had one spell level left.
You knew the following spells:

 Your Spells              Type           Power        Failure   Level  Hunger
a - Dazzling Spray        Conj/Hex       ######..     1%          3    None
b - Venom Bolt            Conj/Pois      ######....   2%          5    ##.....
c - Bolt of Magma         Conj/Fire/Erth #####.....   5%          5    ##.....
d - Orb of Destruction    Conj           #######...   2%          7    ######.
e - Spellforged Servitor  Conj/Summ      ######....   4%          7    ######.
f - Passage of Golubria   Tloc           N/A          4%          4    None
h - Regeneration          Chrm/Necr      ####......   6%          3    None
j - Apportation           Tloc           ######....   1%          1    None
k - Lehudib's Crystal Sp  Conj/Erth      ######....   100%        8    #######


Dungeon Overview and Level Annotations

Branches:
Dungeon (15/15)            Temple (0/1) D:7            Lair (8/8) D:11
  Swamp (4/4) Lair:4       Spider (2/4) Lair:6        Slime (0/6) Lair:7
    Orc (4/4) D:12            Elf (0/3) Orc:3        Vaults (0/5) D:14
 Depths (2/5) D:15

Altars:
Ashenzari
Cheibriados
Fedhas
Gozag
Nemelex Xobeh
Okawaru
Ru
Sif Muna
Trog
Vehumet
Xom
Yredelemnul
Beogh
Jiyva

Shops:
D:4 *   D:5 *   D:11 %   D:13 *   Orc:1 ?   Orc:2 !   Orc:3 }   Orc:4 ?(*(!

Portals:
Hell: Depths:1
Ziggurat: Depths:1

Annotations:
D:3 exclusion: door
D:9 xgamer67's ghost, experienced GrBe
D:12 exclusion: orange crystal statue


Innate Abilities, Weirdness & Mutations

You have a pair of large horns on your head.
You are surrounded by a strong repulsion field (EV +4, rMsl).
Your flesh is cold resistant.
A weak demonic guardian rushes to your aid.
You have large cloven feet.


Message History

You hear a grinding noise.
The wolf spider misses your spellforged servitor.
The wolf spider bites your spellforged servitor.
The wolf spider hits your spellforged servitor but does no damage.
The wolf spider closely misses your spellforged servitor.
The wolf spider closely misses your spellforged servitor.
The wolf spider bites your spellforged servitor but does no damage.
There is a stone staircase leading up, spattered with blood here.
Things that are here:
a wolf spider corpse; a spider corpse The wolf spider closely misses your spellforged servitor. x2
Your spellforged servitor casts a spell at the wolf spider.
The bolt of magma hits the wolf spider.
The wolf spider dies!
Vehumet accepts your kill.
The electric eel shoots out a bolt of lightning at you!
The bolt of electricity hits your spellforged servitor.
Your spellforged servitor resists.
The bolt of electricity hits you! You resist.
You die...

##... ≈...
..# . ##...
..##### ..
;†.. ....≈.
...
#..###....#
....
#§#....s.#
.....
#†......#
......#.8..#
#.≈..@.#
##≈#....#
##.....#
#.#...#
###.).#
≈..$# ##.##
##


You could see an orb spider and an electric eel.

Vanquished Creatures
  Nikola (Swamp:1)
  Rupert (D:14)
  A thorn hunter (Swamp:4)
  A frost giant (Depths:1)
  Maud (D:13)
  A dire elephant (Lair:8)
  A vampire knight (Depths:1)
  Azrael (D:14)
  Snorg (Lair:4)
  2 vault guards (D:14)
  Harold (Lair:4)
  4 hydras
  An entropy weaver (Depths:1)
  Erolcha (Orc:2)
  An alligator (Swamp:3)
  A catoblepas (Lair:8)
  6 centaur warriors
  A deep troll earth mage (Depths:1)
  A tengu warrior (Depths:1)
  9 death yaks
  A deep troll shaman (Lair:8)
  2 orc high priests (Orc:4)
  A skeletal warrior (D:12)
  An ice devil (IceCv)
  A spriggan druid (Swamp:3)
  2 swamp dragons
  4 hill giants
  7 unseen horrors
  An ice statue (IceCv)
  6 orc knights (Orc:4)
  A cyclops (D:13)
  Pikel (D:9)
  2 wolf spider zombies (D:15)
  8 ugly things
  2 orb spiders
  A wizard (D:15)
  2 griffons
  4 orc sorcerers (Orc:4)
  2 slime creatures (Swamp:3)
  7 elephants
  Maurice (D:11)
  4 black mambas
  Joseph (D:7)
  12 spiny frogs
  Psyche (D:12)
  A centaur skeleton (D:14)
  3 komodo dragons
  A demonic crawler (Spider:2)
  A fire drake (Lair:4)
  A freezing wraith (IceCv)
  A yaktaur (D:15)
  2 tengu conjurers (D:15)
  4 trolls
  A blue devil (IceCv)
  A polar bear (Lair:7)
  2 kobold demonologists
  2 bog bodies
  3 jumping spiders
  2 trapdoor spider zombies
  A giant leech (Swamp:1)
  A hornet zombie (D:15)
  2 blink frogs (Lair:7)
  2 wraiths
  3 wyverns
  A dire elephant simulacrum (IceCv)
  2 deep elf magi (D:11)
  4 basilisks
  6 hippogriffs
  28 yaks
  Grum (D:10)
  A hog (Lair:5)
  6 hungry ghosts
  2 hydra simulacra (IceCv)
  A fire elemental (D:13)
  6 wolves
  2 harpy simulacra (IceCv)
  3 wargs
  8 water moccasins
  An iron troll simulacrum (IceCv)
  3 swamp worms
  5 vampire mosquitoes
  A hell hound (D:14)
  7 ice beasts (Swamp:2)
  9 porcupines
  Duvessa (D:7)
  32 orc warriors
  4 spiders (D:9)
  3 wasps
  A sky beast (D:8)
  3 swamp drakes
  An ettin simulacrum (IceCv)
  2 phantoms
  2 black bears
  An eye of draining (D:11)
  A necrophage (D:12)
  9 ogres
  13 centaurs
  5 big kobolds
  6 crocodiles
  Blork the orc (D:4)
  11 giant frogs
  2 wyvern zombies
  A wyvern skeleton (D:13)
  5 scorpions
  2 elephant simulacra (IceCv)
  7 wights
  6 killer bees
  2 electric eels
  6 crimson imps
  3 giant frog zombies
  7 hounds
  3 jellies
  A draconian simulacrum (IceCv)
  38 orc priests
  8 iguanas
  A giant frog skeleton (D:12)
  34 orc wizards
  Terence (D:2)
  A spriggan simulacrum (IceCv)
  3 troll simulacra (IceCv)
  11 worker ants
  23 sheep
  A centaur simulacrum (IceCv)
  2 hound zombies
  A hound skeleton (D:5)
  A naga simulacrum (IceCv)
  42 river rats
  13 adders
  3 gnolls (D:4)
  2 shadow imps
  An ogre simulacrum (IceCv)
  2 white imps (IceCv)
  3 ufetubi (IceCv)
  2 oozes
  An adder skeleton (D:4)
  An adder zombie (D:5)
  2 worms
  223 orcs
  A bat skeleton (D:4)
  8 giant cockroaches
  30 goblins
  28 hobgoblins
  14 jackals
  22 bats
  3 giant geckos
  5 giant newts
  31 kobolds
  2 quokkas
  A quokka zombie (D:5)
  17 rats
  8 fungi
  A plant (Lair:8)
975 creatures vanquished.

Vanquished Creatures (collateral kills)
  An Ice Fiend (IceCv)
  Kirke (Lair:5)
  A thorn hunter (Swamp:4)
  A stone giant (Depths:1)
  A very ugly thing (Depths:1)
  An ettin (D:15)
  A fire dragon (Swamp:4)
  6 vault guards (D:14)
  The ghost of ikki the Bludgeoner, a powerful MiBe of Trog (Orc:3)
  A ghost crab (Swamp:4)
  2 entropy weavers (Depths:1)
  The ghost of Redz the Summoner, a powerful KoSu of Sif Muna (D:12)
  A spriggan air mage (Depths:1)
  A catoblepas (D:13)
  An ice dragon (Depths:1)
  2 ogre magi
  2 centaur warriors
  3 alligators
  15 hydras
  A deep troll shaman (Depths:1)
  8 death yaks
  A tengu warrior (D:15)
  An orc high priest (Orc:4)
  2 spriggans
  4 ice devils (IceCv)
  5 swamp dragons (Swamp:4)
  7 hell knights
  3 deep trolls (Depths:1)
  2 phantasmal warriors (Depths:1)
  3 shambling mangroves (Swamp:3)
  A hill giant (D:14)
  3 orb spiders
  An orc sorcerer (Orc:4)
  12 ugly things
  3 wolf spiders
  3 griffons
  A hornet (Spider:1)
  2 manticores
  A necromancer (Depths:1)
  15 elephants
  3 black mambas
  7 spiny frogs
  A torpor snail (Spider:1)
  3 centaur skeletons
  A kobold demonologist (D:11)
  5 yaktaurs
  3 fire drakes
  An efreet (D:13)
  5 komodo dragons
  2 demonic crawlers (Spider:1)
  3 anaconda simulacra (IceCv)
  2 polar bears (Lair:8)
  A troll (D:14)
  A tengu conjurer (Depths:1)
  3 freezing wraiths (IceCv)
  11 blink frogs
  A giant leech (Swamp:3)
  3 jumping spiders (Spider:1)
  2 two-headed ogres (Depths:1)
  2 bog bodies
  11 slime creatures
  A tarantella (Depths:1)
  A shadow (Swamp:2)
  A boulder beetle (Lair:6)
  2 vampires
  3 water elementals (Depths:1)
  A trapdoor spider (Spider:1)
  9 redbacks
  17 yaks
  A dire elephant simulacrum (IceCv)
  2 wyverns
  3 wraiths
  2 basilisks
  3 hogs (Lair:5)
  3 fire elementals
  15 wolves
  4 swamp worms
  3 vampire mosquitoes
  A mottled dragon (D:14)
  Edmund (D:4)
  A spatial vortex (D:14)
  4 hydra simulacra (IceCv)
  6 water moccasins
  3 hippogriffs
  An ice beast (Swamp:2)
  8 swamp drakes
  2 hell hounds
  2 porcupines
  An orc warrior (D:9)
  4 spiders
  A sky beast (D:6)
  6 wasps
  9 ogres
  2 necrophages
  7 crocodiles
  2 centaurs
  8 giant frogs
  Dowan (D:7)
  A killer bee (D:14)
  2 wights (D:12)
  5 jellies
  4 orc wizards
  3 centaur zombies
  4 crimson imps
  Ijyb (D:3)
  A hound (D:13)
  2 orc priests
  3 draconian simulacra (IceCv)
  A gnoll shaman (D:4)
  2 iguanas
  A polar bear simulacrum (IceCv)
  4 worker ants
  18 sheep
  31 river rats
  An adder (D:3)
  A gnoll (D:4)
  A naga simulacrum (IceCv)
  A shadow imp (D:8)
  A white imp (IceCv)
  3 ufetubi (IceCv)
  24 orcs
  5 goblins
  2 hobgoblins
  2 kobolds
  A giant newt (D:3)
  A quokka (D:3)
  3 rats
  8 fungi
  4 plants
475 creatures vanquished.

Vanquished Creatures (others)
  A cyclops (D:15)
  An ugly thing (Depths:1)
  A human (Lair:5)
  A centaur (D:9)
  A scorpion (D:13)
  A worm (D:3)
  37 fungi
  12 plants
55 creatures vanquished.

Grand Total: 1505 creatures vanquished

Notes
Turn   | Place    | Note
--------------------------------------------------------------
     0 | D:1      | Chiseanne the Demonspawn Wanderer began the quest for the Orb.
     0 | D:1      | Chiseanne set off with: a book of Necromancy, a potion of curing, a potion of lignification, a +0 robe, a +0 dagger, a bread ration
     0 | D:1      | Reached XP level 1. HP: 15/15 MP: 3/3
     2 | D:1      | Learned a level 1 spell: Animate Skeleton
     4 | D:1      | Learned a level 1 spell: Pain
   574 | D:1      | Gained mutation: Your flesh is cold resistant. [demonic ancestry]
   574 | D:1      | Reached XP level 2. HP: 9/21 MP: 0/5
  1278 | D:1      | Reached skill level 1 in Dodging
  1621 | D:1      | Gained mutation: A weak demonic guardian rushes to your aid. [demonic ancestry]
  1621 | D:1      | Reached XP level 3. HP: 12/26 MP: 0/6
  2053 | D:2      | Reached skill level 3 in Necromancy
  2261 | D:2      | Learned a level 3 spell: Vampiric Draining
  2813 | D:2      | Gained mutation: You are surrounded by a mild repulsion field (EV +2). [demonic ancestry]
  2813 | D:2      | Reached XP level 4. HP: 29/33 MP: 0/7
  2826 | D:2      | Noticed Terence
  2852 | D:2      | Killed Terence
  3036 | D:2      | Learned a level 3 spell: Regeneration
  3076 | D:2      | Your ally Terence died
  3536 | D:2      | Gained mutation: You have a pair of small horns on your head. [demonic ancestry]
  3536 | D:2      | Reached XP level 5. HP: 26/38 MP: 0/9
  3653 | D:2      | Reached skill level 4 in Necromancy
  3826 | D:2      | Found a shattered altar of Ashenzari.
  4451 | D:3      | Noticed Ijyb
  4457 | D:3      | Found a bloodstained altar of Trog.
  4461 | D:3      | Killed Ijyb
  4502 | D:3      | Gained mutation: You are surrounded by a moderate repulsion field (EV +3). [demonic ancestry]
  4502 | D:3      | Reached XP level 6. HP: 31/46 MP: 3/11
  4657 | D:3      | Your ally Ijyb died
  4660 | D:3      | Found a faded altar to an unknown god.
  4682 | D:3      | Became a worshipper of Vehumet
  4682 | D:3      | Acquired Vehumet's first power
  4682 | D:3      | Offered knowledge of Sandblast by Vehumet.
  4755 | D:3      | Found a basalt altar of Yredelemnul.
  4956 | D:4      | Noticed Blork the orc
  4965 | D:4      | Killed Blork the orc
  5133 | D:4      | Reached skill level 5 in Necromancy
  5470 | D:4      | Offered knowledge of Sting by Vehumet.
  5489 | D:4      | Learned a level 1 spell: Sting
  5721 | D:4      | Found Mucuigg's Assorted Antiques.
  5724 | D:4      | Bought a smoking robe for 131 gold pieces
  5724 | D:4      | Bought a scroll labeled XUYSTR WAOFOTRI for 23 gold pieces
  5747 | D:4      | Reached skill level 1 in Conjurations
  5747 | D:4      | Gained mutation: You have a pair of horns on your head. [demonic ancestry]
  5747 | D:4      | Reached XP level 7. HP: 38/51 MP: 6/13
  5864 | D:4      | Identified the cursed +1 robe "Xyjamal" {rN+} (You bought it in a shop on level 4 of the Dungeon)
  6106 | D:4      | Noticed Edmund
  6136 | D:4      | Killed Edmund
  6741 | D:5      | Entered Level 5 of the Dungeon
  7327 | D:5      | Reached skill level 5 in Spellcasting
  7775 | D:5      | Found Tyfiamat's General Store.
  7778 | D:5      | Bought a potion of magic for 96 gold pieces
  7778 | D:5      | Bought a scroll of identify for 24 gold pieces
  7806 | D:5      | Found an iron altar of Okawaru.
  7901 | D:5      | Offered knowledge of Throw Frost by Vehumet.
  7941 | D:6      | Reached XP level 8. HP: 44/57 MP: 15/15
  8226 | D:6      | Acquired Vehumet's second power
  8319 | D:6      | Learned a level 2 spell: Throw Frost
  8961 | D:7      | Noticed Joseph
  8979 | D:7      | Killed Joseph
  8979 | D:7      | Reached skill level 6 in Spellcasting
  8979 | D:7      | Reached skill level 5 in Conjurations
  8993 | D:7      | Found a staircase to the Ecumenical Temple.
  9042 | D:7      | Offered knowledge of Ignite Poison by Vehumet.
  9332 | D:7      | Noticed Duvessa
  9333 | D:7      | Noticed Dowan
  9349 | D:7      | Killed Duvessa
  9349 | D:7      | Killed Dowan
  9349 | D:7      | Reached XP level 9. HP: 41/62 MP: 1/18
  9392 | D:7      | Your ally Dowan died
  9664 | D:7      | Found a sacrificial altar of Ru.
  9664 | D:7      | Found a deep blue altar of Sif Muna.
  9665 | D:7      | Found a snail-covered altar of Cheibriados.
 10136 | D:7      | Found a shimmering altar of Xom.
 10310 | D:8      | Acquired Vehumet's third power
 10718 | D:8      | Offered knowledge of Dazzling Spray by Vehumet.
 10723 | D:8      | Learned a level 3 spell: Dazzling Spray
 10865 | D:8      | Reached skill level 7 in Spellcasting
 11420 | D:8      | Got a brightly glowing lapis lazuli ring
 11573 | D:8      | Identified the ring of the King {rElec Int+3 SInv Stlth+} (You found it on level 8 of the Dungeon)
 11645 | D:8      | Found a blossoming altar of Fedhas.
 12133 | D:9      | Noticed xgamer67's ghost (experienced GrBe)
 12558 | D:9      | Found an opulent altar of Gozag.
 12586 | D:9      | Gained mutation: You have large cloven feet. [potion of beneficial mutation]
 12749 | D:9      | Reached skill level 5 in Dodging
 13163 | D:9      | Reached skill level 8 in Spellcasting
 13333 | D:9      | Learned a level 4 spell: Control Undead
 13407 | D:9      | Noticed Pikel
 13443 | D:9      | Killed Pikel
 13443 | D:9      | Gained mutation: You are surrounded by a strong repulsion field (EV +4, rMsl). [demonic ancestry]
 13443 | D:9      | Reached XP level 10. HP: 64/68 MP: 15/22
 13587 | D:9      | Your ally Pikel died
 13948 | D:10     | Entered Level 10 of the Dungeon
 14299 | D:10     | Noticed Grum
 14331 | D:10     | Killed Grum
 14369 | D:10     | Reached skill level 9 in Spellcasting
 14513 | D:10     | Your ally Grum died
 14753 | D:11     | Noticed an unseen horror
 14767 | D:11     | Killed an unseen horror
 14871 | D:11     | Noticed Maurice
 14871 | D:11     | Noticed an unseen horror
 14897 | D:11     | Killed Maurice
 14905 | D:11     | Killed an unseen horror
 15197 | D:11     | Found Caneawk's Food Emporium.
 15252 | D:11     | Noticed a centaur warrior
 15278 | D:11     | Killed a centaur warrior
 15278 | D:11     | Reached skill level 10 in Spellcasting
 15278 | D:11     | Reached skill level 10 in Conjurations
 15278 | D:11     | Reached XP level 11. HP: 42/73 MP: 3/25
 15424 | D:11     | Noticed a hill giant
 15424 | D:11     | Noticed a hill giant
 15583 | D:11     | Offered knowledge of Venom Bolt by Vehumet.
 15718 | D:10     | Learned a level 5 spell: Venom Bolt
 15820 | D:11     | Killed a hill giant
 15858 | D:12     | Noticed Psyche
 15956 | D:12     | Killed Psyche
 16598 | D:12     | Found a staircase to the Orcish Mines.
 16825 | D:12     | Noticed Redz's ghost (powerful KoSu)
 17289 | D:12     | Reached skill level 11 in Conjurations
 17294 | D:12     | Learned a level 3 spell: Inner Flame
 17294 | D:12     | Found a roughly hewn altar of Beogh.
 17365 | D:12     | Noticed a hill giant
 17424 | D:12     | Learned a level 1 spell: Apportation
 17681 | D:12     | Noticed a skeletal warrior
 17683 | D:12     | Noticed a skeletal warrior
 17684 | D:12     | Noticed a skeletal warrior
 17703 | D:12     | Killed Redz's ghost
 17740 | D:12     | a skeletal warrior (ally) was killed
 18395 | D:12     | Killed a hill giant
 18879 | D:11     | Found a staircase to the Lair.
 18958 | D:11     | Noticed a purple ugly thing
 18958 | D:11     | Noticed a purple ugly thing
 19148 | D:11     | Offered knowledge of Delayed Fireball by Vehumet.
 19283 | D:11     | Killed a hill giant
 19283 | D:11     | Reached skill level 1 in Translocations
 19359 | D:11     | Learned a level 4 spell: Passage of Golubria
 19734 | D:13     | Reached XP level 12. HP: 54/80 MP: 13/27
 19923 | D:13     | Noticed Maud
 19966 | D:13     | Killed Maud
 20303 | D:13     | Reached skill level 5 in Translocations
 20307 | D:13     | Noticed a centaur warrior
 20321 | D:13     | Killed a centaur warrior
 20865 | D:13     | Found Puicozyzi's Assorted Antiques.
 20878 | D:13     | Bought a pair of glowing gloves for 103 gold pieces
 20901 | D:13     | Bought a scroll of identify for 46 gold pieces
 20901 | D:13     | Bought a scroll of identify for 46 gold pieces
 21018 | D:13     | Noticed a centaur warrior
 21026 | D:13     | Killed a centaur warrior
 21280 | D:13     | Noticed a hill giant
 21281 | D:13     | Killed a hill giant
 21281 | D:13     | Reached skill level 12 in Conjurations
 21373 | D:13     | Got a vibrating tin ring
 21377 | D:13     | Identified the ring "Ywnagh" {Ice MP+9 Slay+3} (You found it on level 13 of the Dungeon)
 21577 | D:14     | Noticed Rupert
 21726 | Orc:1    | Entered Level 1 of the Orcish Mines
 22725 | Orc:1    | Offered knowledge of Bolt of Magma by Vehumet.
 22822 | Orc:1    | Found Mockocu's Magic Scroll Boutique.
 22861 | Orc:1    | Bought a scroll of enchant weapon for 75 gold pieces
 22861 | Orc:1    | Bought a scroll of fear for 35 gold pieces
 22861 | Orc:1    | Bought a scroll of teleportation for 30 gold pieces
 22861 | Orc:1    | Bought a scroll of identify for 20 gold pieces
 22861 | Orc:1    | Bought a scroll of teleportation for 30 gold pieces
 22861 | Orc:1    | Bought a scroll of teleportation for 30 gold pieces
 22861 | Orc:1    | Bought a scroll of amnesia for 35 gold pieces
 22861 | Orc:1    | Bought a scroll of identify for 20 gold pieces
 22861 | Orc:1    | Bought a scroll of immolation for 35 gold pieces
 23168 | Orc:2    | Found a roughly hewn altar of Beogh.
 23443 | Orc:2    | Found Balul's Distillery.
 23475 | Orc:2    | Bought a potion of resistance for 140 gold pieces
 23475 | Orc:2    | Bought a potion of curing for 42 gold pieces
 23475 | Orc:2    | Bought a potion of curing for 42 gold pieces
 23475 | Orc:2    | Bought a potion of magic for 112 gold pieces
 23510 | Orc:2    | Noticed Erolcha
 23518 | Orc:2    | Killed Erolcha
 23846 | Orc:3    | Found Hiniuz's Distillery.
 23846 | Orc:3    | Noticed ikki's ghost (powerful MiBe)
 24155 | Orc:2    | Offered knowledge of Spellforged Servitor by Vehumet.
 24426 | Orc:2    | Learned a level 7 spell: Spellforged Servitor
 24495 | Orc:3    | Found Anussiur's Gadget Shop.
 24551 | Orc:2    | Reached skill level 1 in Summonings
 24796 | Orc:3    | Bought a potion of brilliance for 52 gold pieces
 24796 | Orc:3    | Bought a potion of haste for 130 gold pieces
 24796 | Orc:3    | Bought a potion of agility for 52 gold pieces
 24796 | Orc:3    | Bought a potion of curing for 39 gold pieces
 24808 | Orc:3    | Bought a potion of curing for 39 gold pieces
 24808 | Orc:3    | Bought a potion of curing for 39 gold pieces
 24808 | Orc:3    | Bought a potion of brilliance for 52 gold pieces
 24808 | Orc:3    | Bought a potion of agility for 52 gold pieces
 24808 | Orc:3    | Bought a potion of flight for 39 gold pieces
 25446 | Orc:3    | Found a staircase to the Elven Halls.
 25914 | Orc:4    | Entered Level 4 of the Orcish Mines
 26388 | Orc:4    | Gained mutation: You have a pair of large horns on your head. [demonic ancestry]
 26388 | Orc:4    | Reached XP level 13. HP: 85/85 MP: 3/29
 26497 | Orc:4    | Reached skill level 5 in Summonings
 26817 | Orc:4    | Found Paen's Magic Scroll Boutique.
 26821 | Orc:4    | Bought a scroll of identify for 36 gold pieces
 26821 | Orc:4    | Bought a scroll of teleportation for 54 gold pieces
 26821 | Orc:4    | Bought 2 scrolls of teleportation for 108 gold pieces
 26821 | Orc:4    | Bought a scroll of vulnerability for 135 gold pieces
 26821 | Orc:4    | Bought a scroll of identify for 36 gold pieces
 26821 | Orc:4    | Bought a scroll of summoning for 171 gold pieces
 26821 | Orc:4    | Bought a scroll of identify for 36 gold pieces
 26943 | Orc:4    | Found Byusu Jyi's Antique Weapon Shop.
 26952 | Orc:4    | Found Vaqu's Antique Weapon Emporium.
 26952 | Orc:4    | Found Arosi's Distillery.
 26952 | Orc:4    | Found Edabre's General Store.
 27173 | Orc:4    | Offered knowledge of Orb of Destruction by Vehumet.
 27184 | Orc:4    | Learned a level 7 spell: Orb of Destruction
 27973 | Orc:4    | Bought a potion of curing for 48 gold pieces
 28575 | Orc:3    | Killed ikki's ghost
 28725 | D:14     | Killed Rupert
 28983 | D:13     | Noticed a centaur warrior
 29001 | D:13     | Killed a centaur warrior
 29272 | D:14     | Noticed Azrael
 29664 | D:14     | Killed Azrael
 29785 | D:13     | HP: 2/85 [centaur warrior (12)]
 29793 | D:13     | Reached skill level 10 in Summonings
 30176 | D:14     | Found a viscous altar of Jiyva.
 30737 | D:14     | Found a sparkling altar of Nemelex Xobeh.
 31184 | D:14     | Noticed a vault guard
 31188 | D:14     | Killed a vault guard
 31223 | D:14     | Noticed a vault guard
 31223 | D:14     | Noticed a vault guard
 31237 | D:14     | Killed a vault guard
 31239 | D:14     | Killed a vault guard
 31327 | D:14     | Found a gate to the Vaults.
 31339 | D:14     | Noticed a vault guard
 31346 | D:14     | Killed a vault guard
 31367 | D:14     | Noticed a vault guard
 31371 | D:14     | Killed a vault guard
 31394 | D:14     | Noticed a vault guard
 31402 | D:14     | Killed a vault guard
 31591 | D:14     | Noticed a vault guard
 31602 | D:14     | Killed a vault guard
 31602 | D:14     | Reached XP level 14. HP: 91/91 MP: 24/30
 31718 | D:14     | Noticed a vault guard
 31723 | D:14     | Killed a vault guard
 31852 | D:15     | Entered Level 15 of the Dungeon
 32315 | D:14     | Offered knowledge of Conjure Ball Lightning by Vehumet.
 32820 | D:15     | HP: 3/91 [centaur warrior/arrow of flame (5)]
 33390 | D:15     | Found a staircase to the Depths.
 34105 | D:15     | Upgraded the game from 0.17-a0-1521-gbe3fe00 to 0.17-a0-1528-gfee3901
 34246 | D:11     | Noticed a seven-headed hydra
 34251 | D:11     | Killed a seven-headed hydra
 34261 | Lair:1   | Entered Level 1 of the Lair of Beasts
 35334 | Lair:1   | Reached skill level 5 in Shields
 35341 | Lair:1   | Offered knowledge of Freezing Cloud by Vehumet.
 37826 | Lair:3   | Got a bronze plate armour
 37827 | Lair:3   | Identified the +10 plate armour "Poyf" {rN+} (You found it on level 3 of the Lair of Beasts)
 37912 | Lair:3   | Reached skill level 13 in Conjurations
 39460 | Lair:4   | Offered knowledge of Shatter by Vehumet.
 39460 | Lair:4   | Offered knowledge of Chain Lightning by Vehumet.
 39460 | Lair:4   | Offered knowledge of Tornado by Vehumet.
 39868 | Lair:4   | Found a staircase to the Swamp.
 39883 | Lair:4   | Noticed Harold
 39897 | Lair:4   | Killed Harold
 40439 | Lair:4   | Noticed Snorg
 40443 | Lair:4   | Killed Snorg
 41137 | Lair:5   | Noticed Kirke
 41143 | Lair:5   | Killed Kirke
 41143 | Lair:5   | Reached XP level 15. HP: 87/96 MP: 1/32
 43143 | Lair:6   | Reached skill level 14 in Conjurations
 43232 | Lair:6   | Found a hole to the Spider Nest.
 44874 | Lair:7   | Found a staircase to the Slime Pits.
 44992 | Lair:8   | Entered Level 8 of the Lair of Beasts
 45970 | Lair:8   | Identified the Grimoire of Creative Stolen Souls
 45974 | Lair:8   | Got a crystal flail
 45975 | Lair:8   | Identified the +9 flail of Insufficient Pleasure {vamp, rC+++ MR+} (You found it on level 8 of the Lair of Beasts)
 47286 | Depths:1 | Entered Level 1 of the Depths
 47299 | Depths:1 | Found a gateway to a ziggurat.
 47358 | Depths:1 | Reached skill level 15 in Conjurations
 48799 | D:5      | Bought a potion of flight for 36 gold pieces
 48799 | D:5      | Bought a scroll of amnesia for 42 gold pieces
 49142 | D:13     | Bought a scroll of amnesia for 80 gold pieces
 49142 | D:13     | Bought a scroll of enchant armour for 172 gold pieces
 49142 | D:13     | Bought a potion of cancellation for 184 gold pieces
 49364 | D:15     | Learned a level 8 spell: Lehudib's Crystal Spear
 49370 | D:15     | Learned a level 5 spell: Bolt of Magma
 49406 | Depths:1 | Identified Bujoserch's Papyrus of Freezing Boosts
 49423 | Depths:1 | Got a spiked ring mail
 49424 | Depths:1 | Identified the +1 ring mail of Fethru {rPois rC- rCorr SInv} (You found it on level 1 of the Depths)
 49694 | Depths:1 | Reached XP level 16. HP: 102/102 MP: 28/34
 49722 | Depths:1 | Found a gateway to Hell.
 50969 | Swamp:1  | Entered Level 1 of the Swamp
 50969 | Swamp:1  | Noticed Nikola
 50976 | Swamp:1  | Killed Nikola
 50976 | Swamp:1  | Reached skill level 5 in Armour
 51691 | Swamp:2  | Found a frozen archway.
 51717 | IceCv    | Entered an ice cave
 52044 | IceCv    | Got an iridescent hand axe
 52045 | IceCv    | Identified the cursed +0 hand axe "Qoupn" {chop, rN+} (You found it in an ice cave)
 52772 | IceCv    | Noticed an Ice Fiend
 52891 | IceCv    | Killed an Ice Fiend
 53211 | IceCv    | Got a pitted copper ring
 53213 | IceCv    | Got a faintly glowing hat
 53225 | IceCv    | Identified the ring of Mootsebi {Ice SInv} (You found it in an ice cave)
 54541 | Swamp:4  | Entered Level 4 of the Swamp
 54549 | Swamp:4  | Got a pitted jade ring
 54602 | Swamp:4  | Identified the ring "Buthroc" {+/*Tele +Inv +Fly Str-4 Dex+4} (You found it on level 4 of the Swamp)
 55418 | Swamp:4  | Got a decaying rune of Zot
 55433 | Swamp:4  | Reached skill level 10 in Armour
 55719 | Spider:1 | Entered Level 1 of the Spider Nest
 56074 | Spider:2 | HP: 1/102 [disintegration[the player character] (32)]
 56077 | Spider:2 | Killed from afar by an electric eel

Vault maps used:
D:1:      dpeg_arrival_fog
D:2:      ashenzari_conservatory_becter, first_bread, eino_tiny_chamber,
          hangedman_decor_slide_cut, uniq_terence
D:3:      yredelemnul_forgotten_temple_becter, ecumenical_altar_2, bloody_trog,
          uniq_iyjb
D:4:      serial_shops, nicolae_shop_behind_doors, serial_park_tiny_1,
          uniq_blork_the_orc, uniq_edmund
D:5:      lemuel_round_altar, serial_shops, kennysheep_mini_moat
D:7:      nicolae_overflow_hidden_temple, lemuel_coloured_pillars_altar,
          minmay_temple_entry_large_hall, uniq_joseph, uniq_duvessa
D:8:      hangedman_tree_tricks, bh_walls_and_bars
D:9:      nicolae_gozag_cash_rules_everything_around_me, supply_closet_lemuel,
          spider_trap, uniq_pikel
D:10:     minmay_variable_closet, kennysheep_crisscross,
          hangedman_abyss_or_decor_lesser_grid, uniq_grum
D:11:     lair_0_dummy, serial_shops, shop, uniq_maurice
D:12:     minmay_orc_entry_temple_large, minmay_misc_feat_pillars, minivault_16,
          uniq_psyche
D:13:     serial_shops, shop, kennysheep_minor_cross, uniq_maud
D:14:     erik_vaults_2, kennysheep_flooded_box, hex_large, jiyva_altar_1,
          uniq_rupert, uniq_azrael
D:15:     hangedman_depths_entry_civil_slaughter, grunt_potential
Lair:2:   wad_woods_road_05, serial_bayou_shore_a
Lair:3:   serial_bayou_crossing, grunt_megastairs_3, infiniplex_staircase_pool
Lair:4:   swamp_mist, uniq_harold, uniq_snorg
Lair:5:   beast_lair_carwin_3, uniq_kirke
Lair:6:   spider_nest_entry_rubble, minmay_holes, grunt_forest_large_clearings
Lair:7:   dpeg_slime_entry_corner, serial_bayou_shore_b
Lair:8:   grunt_lair_end_beastmaster
Swamp:1:  cheibrodos_swamp_heart_of_darkness, hangedman_swamp_lotus, uniq_nikola
Swamp:2:  portal_ice_cave_entry_ice_beasts, evilmike_swamp_ruin_house_4,
          lightli_tree_ring
Swamp:3:  hangedman_swamp_cone, swamp_pool5
Swamp:4:  swamp_alternative, uniq_jorgrun
Orc:1:    serial_shops, shop
Orc:2:    serial_shops, nicolae_shop_window_shopping, basic_altar, uniq_erolcha
Orc:3:    serial_shops, shop, nicolae_shop_temple_entry_statues_fountains,
          nicolae_orc_pool_cavern
Orc:4:    st_orc_elflike, serial_shops, shop, special_room
Depths:1: enter_ziggurat_a, grunt_metal_band, glass_columns_c,
          minmay_misc_feat_rows, nooodl_food_tri
Depths:2: kennysheep_gozag_temple, hangedman_abyss_or_decor_passed, hell_entry,
          serial_shops, nicolae_shop_crystal
IceCv:    ice_cave_caverns_03

Action                   |  1- 3 |  4- 6 |  7- 9 | 10-12 | 13-15 | 16-18 || total
-------------------------+-------+-------+-------+-------+-------+-------++-------
Melee: Dagger            |     4 |       |       |       |       |       ||     4
       Short sword       |    29 |    61 |   220 |   232 |       |       ||   542
       Flail             |       |       |       |    58 |   215 |    37 ||   310
       Whip              |       |       |       |     7 |       |       ||     7
 Fire: Blowgun           |       |       |       |     6 |       |       ||     6
Throw: Throwing net      |       |       |       |     1 |       |       ||     1
 Cast: Pain              |    81 |   122 |    52 |       |       |       ||   255
       Animate Skeleton  |    21 |    31 |    49 |    94 |       |       ||   195
       Vampiric Draining |       |     4 |    24 |     5 |       |       ||    33
       Sting             |       |       |   239 |   402 |    45 |       ||   686
       Throw Frost       |       |       |    16 |    20 |       |       ||    36
       Dazzling Spray    |       |       |    25 |   198 |   343 |     5 ||   571
       Regeneration      |       |       |     1 |     6 |       |       ||     7
       Venom Bolt        |       |       |       |   142 |   162 |     9 ||   313
       Control Undead    |       |       |       |    18 |       |       ||    18
       Apportation       |       |       |       |     3 |       |     6 ||     9
       Passage of Golubr |       |       |       |     1 |     1 |     1 ||     3
       Orb of Destructio |       |       |       |       |    84 |    25 ||   109
       Spellforged Servi |       |       |       |       |   111 |    42 ||   153
       Bolt of Magma     |       |       |       |       |     1 |   101 ||   102
Evoke: Wand              |       |       |       |     2 |     3 |     4 ||     9
  Use: Scroll            |     4 |     4 |    16 |    21 |    23 |     8 ||    76
       Potion            |       |     1 |     3 |     8 |     6 |     2 ||    20
 Stab: Sleeping          |       |       |     5 |     6 |     2 |       ||    13
       Distracted        |       |       |     3 |     1 |       |       ||     4
       Invisible         |       |       |       |     8 |     3 |       ||    11
  Eat: Chunk             |     8 |     9 |    23 |    25 |   110 |    12 ||   187
       Pizza             |       |       |     1 |       |     5 |     1 ||     7
       Fruit             |       |       |       |    42 |    24 |       ||    66
       Beef jerky        |       |       |       |       |     5 |     1 ||     6
       Bread ration      |       |       |       |       |     5 |     7 ||    12
       Royal jelly       |       |       |       |       |     1 |       ||     1
